 Dungeon Crawl Stone Soup version 0.31.0-4-g52a2dc7128 (webtiles) character file.

Game seed: 16385935824569990626

387 SnakkuSnakku7 the Ruffian (level 6, -7/53 HPs)
             Began as a Troll Enchanter on Jan 23, 2024.
             Mangled by an ogre
             ... wielding a +0 giant club
              (13 damage)
             ... on level 4 of the Dungeon.
             The game lasted 00:05:20 (2394 turns).

SnakkuSnakku7 the Ruffian (Troll Enchanter)         Turns: 2394, Time: 00:05:21

Health: -7/53      AC: 10    Str: 19    XL:     6   Next: 49%
Magic:  15/15      EV:  9    Int: 11    God:
Gold:   198        SH:  0    Dex: 10    Spells: 7/7 levels left

rFire   + .          .
                       - Unarmed
rCold   + . .        (no shield)
rNeg    . . .        v - +2 robe {rC+ rF+}
rPois   .            (helmet restricted)
rElec   .            (no cloak)
rCorr   .            (gloves unavailable)
SInv    .            (boots unavailable)
Will    .....        q - amulet of regeneration
Stlth   ++           n - +4 ring of protection
HPRegen 1.88/turn    g - ring of magical power
MPRegen 0.14/turn

%: no passive effects
@: no status effects
A: large, unfitting armour, claws 3, regeneration 1, shaggy fur 1, tough skin 1
a: no special abilities


You were on level 4 of the Dungeon.
You visited 1 branch of the dungeon, and saw 4 of its levels.

You collected 198 gold pieces.

Inventory:

Hand Weapons
 a - a +1 dagger
Missiles
 o - 6 large rocks (quivered)
 p - 2 javelins
 t - a throwing net
Armour
 b - a +0 robe
 v - a +2 robe of resistance (worn)
Jewellery
 g - a ring of magical power (right claw)
 n - a +4 ring of protection (left claw)
 q - an amulet of regeneration (around neck)
Scrolls
 d - 3 scrolls of poison {unknown}
 f - a scroll of summoning {unknown}
 i - 5 scrolls of noise {unknown}
 j - 3 scrolls of enchant weapon {unknown}
 k - a scroll of fog {unknown}
 m - 2 scrolls of revelation {unknown}
 r - a scroll of silence {unknown}
 u - a scroll of fear
 w - 2 scrolls of teleportation
 x - a scroll of blinking
Potions
 c - 2 potions of invisibility
 e - 2 potions of curing
 h - a potion of resistance {unknown}
 l - a potion of brilliance
 s - a potion of heal wounds
 z - a potion of enlightenment {unknown}


   Skills:
 - Level 0.7 Short Blades
 - Level 1.5 Dodging
 - Level 1.5 Stealth
 + Level 6.6 Unarmed Combat
 - Level 1.2 Spellcasting
 - Level 2.0 Hexes


You had 7 spell levels left.
You didn't know any spells.
Your spell library contained the following spells:

 Spells                   Type           Power      Damage    Failure   Level
 Ensorcelled Hibernation  Hex/Ice        4%         N/A       32%         2
 Confusing Touch          Hex            5%         N/A       38%         3
 Tukima's Dance           Hex            5%         N/A       38%         3
 Mercury Vapours          Alch/Air       0%         N/A       43%         2
 Dazzling Flash           Conj/Hex       4%         N/A       54%         3
 Inner Flame              Hex/Fire       2%         N/A       54%         3
 Hailstorm                Conj/Ice       0%         3d5       67%         3
 Mephitic Cloud           Conj/Alch/Air  0%         N/A       67%         3
 Summon Ice Beast         Ice/Summ       0%         N/A       67%         3
 Freezing Cloud           Conj/Ice/Air   0%         6-21      100%        5
 Irradiate                Conj/Alch      0%         3d11      100%        5
 Sculpt Simulacrum        Ice/Alch       0%         N/A       100%        6
 Ignition                 Fire           0%         3d3       100%        8


Dungeon Overview and Level Annotations

Branches:
Dungeon (4/15)
 Temple: D:4-7

Altars:
Fedhas
Kikubaaqudgha
Makhleb

Shops:
D:4 [:(


Innate Abilities, Weirdness & Mutations

You are too large for most types of armour.
You have claws for hands.
Your natural rate of healing is unusually fast.
You are covered in fur. (AC +1)
You have tough skin. (AC +1)


Message History

You claw the iguana!
You kill the iguana!
You claw the endoplasm!
You kill the endoplasm!
No target in view!
No target in view!
z - a lumpy pink potion A ball python comes into view.
Found a scroll of blinking.
A ball python is nearby!
The ball python hisses angrily.
An ogre comes into view. It is wielding a +0 giant club.
The ball python misses you.
You scratch the ball python.
You kill the ball python!
Found a fuming amethyst potion.
Found a scroll labelled MYAKHU IGRYOBB.
There is an entrance to Karref's Armour Shoppe here.
You scratch the ogre but do no damage. Your claw misses the ogre.
The ogre hits you with a +0 giant club!
You completely miss the ogre.
The ogre hits you with a +0 giant club!!
You are too injured to fight recklessly!
You are too injured to fight recklessly!
You barely miss the ogre. You claw the ogre.
The ogre is lightly wounded.
You claw the ogre!
The ogre is moderately wounded.
The ogre hits you with a +0 giant club!!
* * * LOW HITPOINT WARNING * * *
Unknown command.
You aren't carrying any items that you can evoke.
Unknown command.
Okay, then.
You scratch the ogre.
The ogre is heavily wounded.
You barely miss the ogre.
The ogre is heavily wounded.
The ogre hits you with a +0 giant club!
You die...

#...# #..#.#.. #.
#...###...#).. #.
#.♣.##..<..... #.
###.♣.##...###.. #.
...♣.##...# #.#
#.####.♣.##...# #.#
#...>.........# #.#
######..###....###.#
#.# ......O@....#..#
#.# #.#
......#####.#..# #|#
#.# .#... #?#..# #.#
#.# ?!.. ..#..#
#.###[# ..# .....#
#...... . .....##
#####.. ....## ###
######


You could see an ogre.

Vanquished Creatures
  Sigmund (D:3)
  A bombardier beetle (D:4)
  An iguana (D:4)
  4 gnolls (D:2)
  3 adders (D:2)
  4 dart slugs
  3 ribbon worms
  4 bat zombies (D:3)
  5 endoplasms
  5 giant cockroaches
  10 goblins
  3 hobgoblins
  3 quokkas
  13 ball pythons
  7 bats
  6 frilled lizards
  7 kobolds
  2 rats
82 creatures vanquished.

Notes
Turn   | Place    | Note
-------+----------+-------------------------------------------
     0 | D:1      | SnakkuSnakku7 the Troll Enchanter began the quest for the
                  | Orb.
     0 | D:1      | Reached XP level 1. HP: 16/16 MP: 1/1
    28 | D:1      | Reached skill level 1 in Unarmed Combat
    55 | D:1      | Reached XP level 2. HP: 24/24 MP: 2/2
   159 | D:1      | Reached skill level 2 in Unarmed Combat
   498 | D:2      | Reached XP level 3. HP: 31/31 MP: 3/3
   596 | D:2      | Reached skill level 3 in Unarmed Combat
   729 | D:2      | Reached XP level 4. HP: 39/39 MP: 4/4
   742 | D:2      | Reached skill level 4 in Unarmed Combat
   961 | D:3      | Found a blossoming altar of Fedhas.
  1315 | D:3      | Reached XP level 5. HP: 45/45 MP: 5/5
  1322 | D:3      | Found an ancient bone altar of Kikubaaqudgha.
  1529 | D:3      | Noticed Sigmund
  1546 | D:3      | Killed Sigmund
  1547 | D:3      | Reached skill level 6 in Unarmed Combat
  1547 | D:3      | Reached XP level 6. HP: 38/53 MP: 6/6
  2211 | D:4      | Found Bohere's Antique Weapon Emporium.
  2229 | D:4      | Found Pihun's Book Shop.
  2373 | D:4      | Found Karref's Armour Shoppe.
  2373 | D:4      | Found a burning altar of Makhleb.
  2392 | D:4      | HP: 2/53 [ogre/+0 giant club (21)]
  2394 | D:4      | Mangled by an ogre

Illustrated notes

Levels and vault maps discovered:
D:1:      dpeg_arrival_rooms_b, layout_rooms, chequers_serial_rivers_micro_d
D:2:      layout_rooms
D:3:      kennysheep_six_static_rooms, layout_basic,
          mainiacjoe_overflow_small_starburst,
          lemuel_zombie_altar_kikubaaqudgha, minmay_misc_feat_more_columns,
          uniq_sigmund
D:4:      layout_loops_ring, mainiacjoe_overflow_boulevard, serial_shops, shop,
          nicolae_shop_dealshenge, nicolae_diamond_shop,
          gammafunk_ghost_cemetery

Skill      XL: |  1  2  3  4  5 |
---------------+----------------+-----
Unarmed Combat | 1 2 3 4 6 |  6.6
Short Blades   | |  0.7
Dodging        | |  1.5
Stealth        | |  1.5
Spellcasting   | |  1.2
Hexes          | |  2.0

Action                     |  1- 3 |  4- 6 || total
---------------------------+-------+-------++-------
  Melee: Unarmed           |    85 |   121 ||   206
         Punch             |       |     3 ||     3
    Use: Scroll            |       |     7 ||     7
   Stab: Sleeping          |     2 |     5 ||     7
 Armour: Robe              |    62 |    92 ||   154
  Dodge: Dodged            |    27 |    68 ||    95
